 Dungeon Crawl Stone Soup version 0.28.0-43-g3370ac3207 (webtiles) character file.

Game seed: 13610713062825045921

3220 theElss the Skirmisher (level 9, -4/57 HPs)
             Began as a Gargoyle Berserker on Mar 11, 2022.
             Was a Priest of Trog.
             Slain by an orc warlord
             ... wielding a +0 war axe
              (14 damage)
             ... in a bailey.
             The game lasted 00:20:05 (7041 turns).

theElss the Skirmisher (Gargoyle Berserker)         Turns: 7041, Time: 00:20:07

Health: -4/57      AC: 24    Str: 23    XL:     9   Next: 97%
Magic:  9/9        EV:  8    Int:  8    God:    Trog [***...]
Gold:   460        SH:  0    Dex: 11    Spells: 8/8 levels left

rFire   . . .      SeeInvis .   a - +4 flail
rCold   + . .      Faith    .   (no shield)
rNeg    + . .      Spirit   .   s - +0 plate armour
rPois   ∞          Reflect  .   o - +0 helmet
rElec   +          Harm     .   z - +0 cloak
rCorr   .          Rampage  .   r - +0 pair of gloves
Will    ++...                   g - +0 pair of boots
Stlth   ..........              (no amulet)
HPRegen 1.19/turn               d - ring of protection from cold
MPRegen 0.11/turn               (no ring)

@: strong-willed (expiring), on berserk cooldown, regenerating (expiring),
slowed, very slow
A: sickness immunity, AC +6, negative energy resistance 1, electricity
resistance, torment resistance 1, petrification resistance
a: Renounce Religion, Berserk, Trog's Hand


You were in a bailey.
You worshipped Trog.
Trog was most pleased with you.
You visited 1 branch of the dungeon, and saw 8 of its levels.
You also visited: Bailey.

You collected 460 gold pieces.

Inventory:

Hand Weapons
 a - a +4 flail (weapon)
 b - a +1 whip of freezing
Missiles
 u - a throwing net (quivered)
Armour
 g - a +0 pair of boots (worn)
 o - a +0 helmet (worn)
 r - a +0 pair of gloves (worn)
 s - a +0 plate armour (worn)
 z - a +0 cloak (worn)
Jewellery
 d - a ring of protection from cold (left hand)
Wands
 n - a wand of paralysis (4)
 q - a wand of charming (8)
 B - a wand of flame (12)
 C - a wand of polymorph (10)
Scrolls
 f - 2 scrolls of enchant armour {unknown}
 j - a scroll of silence {unknown}
 l - 2 scrolls of immolation
 m - 2 scrolls of fear {unknown}
 w - a scroll of noise {unknown}
 y - 2 scrolls of teleportation {unknown}
 A - a scroll of holy word {unknown}
 F - a scroll of blinking {unknown}
Potions
 c - 4 potions of heal wounds
 e - 2 potions of curing
 h - 2 potions of attraction
 i - 2 potions of cancellation {unknown}
 k - a potion of invisibility {unknown}
 p - 3 potions of brilliance {unknown}
 t - a potion of degeneration {unknown}
 v - 2 potions of mutation {unknown}
 x - 2 potions of might
 D - 2 potions of haste
 E - a potion of flight {unknown}


   Skills:
 + Level 7.6 Fighting
 + Level 7.0 Maces & Flails
 + Level 7.1 Armour
 + Level 5.4 Dodging
 + Level 4.7 Evocations


You had 8 spell levels left.
You didn't know any spells.
Your spell library was empty.

Dungeon Overview and Level Annotations

Branches:
Dungeon (8/15)             Temple (0/1) D:4          Bailey (1/1)
   Lair: D:8-11

Altars:
Fedhas
Hepliaklqana
Ru


Innate Abilities, Weirdness & Mutations

You are immune to sickness and miasma.
Your stone body is resilient. (AC +6)
You are immune to poison.
You resist negative energy. (rN+)
You are resistant to electric shocks. (rElec)
You are resistant to unholy torment.
You are immune to petrification.


Message History

The orc warlord is heavily wounded.
The orc warlord hits you with a +0 war axe!!
You barely miss the orc warlord.
The orc warlord is heavily wounded.
The orc warlord hits you with a +0 war axe!!
* * * LOW HITPOINT WARNING * * *
You sock the orc warlord!
The orc warlord is severely wounded.
You closely miss the orc warlord.
The orc warlord is severely wounded.
The orc warlord hits you but does no damage.
You barely miss the orc warlord.
The orc warlord is severely wounded.
The orc warlord hits you but does no damage.
You hit the orc warlord but do no damage.
The orc warlord is severely wounded.
You bludgeon the orc warlord!!
The orc warlord is almost dead.
The orc warlord hits you with a +0 war axe.
* * * LOW HITPOINT WARNING * * *
You thump the orc warlord!
The orc warlord is almost dead.
You are no longer berserk.
You are exhausted.
You feel yourself slow down. The orc warlord barely misses you.
Unknown command.
Aiming: Throw Flame
Press: ? - help, Shift-Dir - straight line, f - orc warlord
Aim: an orc warlord, wielding a +0 war axe and wearing a +0 plate armour (almost dead, 84% to hit)
The puff of flame hits the orc warlord but does no damage.
The orc warlord is almost dead.
You feel the effects of Trog's Hand fading.
The orc warlord barely misses you.
Aiming: Paralyse
Press: ? - help, Shift-Dir - straight line, f/p - orc warlord
Aim: an orc warlord, wielding a +0 war axe and wearing a +0 plate armour (almost dead, chance to affect: 26%)
The orc warlord easily resists.
The orc warlord hits you but does no damage.
The orc warlord hits you with a +0 war axe!
You die...

##......####...####......##
♣##....##≈≈#####≈≈##.)..##♣
♣.##...#≈|!8...8!:≈#)).##.♣
♣♣..###'#≈.........≈#(###..♣♣
♣...≈≈≈.#≈..8...8..≈#[(≈≈...♣
♣...≈≈≈.##.........##.≈≈≈...♣
∩...≈≈≈.#≈....∩....≈#.≈≈≈...∩♣
♣...≈≈≈.#≈....o....≈#.≈≈≈...♣♣
♣...≈≈≈.#≈≈.8.@.8.≈≈#.≈≈≈...♣
♣♣..###'###.......###'###..♣♣
♣.##....#≈.8...8.≈#.)).##.♣
♣##.....#≈≈≈≈≈≈≈≈≈#.....##♣
##......####≈≈≈####......##
#...8......#'''#).....8...#
#.............(...........#
#.........................#
##..8..8...........8..8..##


You could see an orc warlord.

Vanquished Creatures
  Pikel (D:6)
  Joseph (D:7)
  A komodo dragon (D:7)
  Prince Ribbit (D:7)
  Sigmund (D:2)
  4 orc warriors (Bailey)
  2 black bears
  An ogre (D:5)
  A centaur (D:5)
  Blork the orc (D:6)
  A kobold brigand (D:3)
  2 bullfrogs (D:7)
  A scorpion (D:3)
  2 water moccasin zombies
  A howler monkey (D:4)
  A hound (D:5)
  2 jellies
  A bullfrog zombie (D:5)
  Crazy Yiuf (D:5)
  A gnoll shaman (D:5)
  A bullfrog skeleton (D:5)
  Jessica (D:3)
  2 iguanas
  Terence (D:2)
  An orc wizard (D:4)
  A hound skeleton (D:5)
  A howler monkey skeleton (D:6)
  9 adders
  6 gnolls
  An adder skeleton (D:5)
  A worm (D:3)
  3 dart slugs (D:4)
  9 orcs
  10 ball pythons
  3 bats
  10 endoplasms
  4 giant cockroaches
  12 goblins
  15 hobgoblins
  4 jackals (D:2)
  23 kobolds
  4 quokkas
  15 frilled lizards
  8 rats
172 creatures vanquished.

Vanquished Creatures (others)
  16 plants
16 creatures vanquished.

Grand Total: 188 creatures vanquished

Notes
Turn   | Place    | Note
-------+----------+-------------------------------------------
     0 | D:1      | theElss the Gargoyle Berserker began the quest for the Orb.
     0 | D:1      | Reached XP level 1. HP: 14/14 MP: 1/1
   130 | D:1      | Reached XP level 2. HP: 19/19 MP: 2/2
   317 | D:1      | Reached XP level 3. HP: 24/24 MP: 3/3
   826 | D:2      | Reached XP level 4. HP: 28/29 MP: 4/4
   861 | D:2      | Reached ** piety under Trog
  1784 | D:2      | Noticed Sigmund
  1799 | D:2      | Killed Sigmund
  1800 | D:2      | Reached XP level 5. HP: 27/34 MP: 5/5
  1800 | D:2      | Reached XP level 6. HP: 31/39 MP: 6/6
  1967 | D:2      | Noticed Terence
  1975 | D:2      | Killed Terence
  1976 | D:2      | Found a faded altar of an unknown god.
  2563 | D:3      | Found a faded altar of an unknown god.
  2564 | D:3      | Found a hazy altar of Hepliaklqana.
  2564 | D:3      | Noticed Jessica
  2568 | D:3      | Killed Jessica
  3119 | D:3      | Reached skill level 5 in Fighting
  3119 | D:3      | Reached skill level 1 in Evocations
  3119 | D:3      | Reached XP level 7. HP: 44/44 MP: 7/7
  3233 | D:4      | Found a staircase to the Ecumenical Temple.
  3671 | D:4      | Reached *** piety under Trog
  3771 | D:4      | Found a sacrificial altar of Ru.
  3918 | D:4      | Found a blossoming altar of Fedhas.
  4048 | D:5      | Entered Level 5 of the Dungeon
  4105 | D:5      | Reached skill level 5 in Maces & Flails
  4226 | D:5      | Reached XP level 8. HP: 46/50 MP: 8/8
  4247 | D:5      | Reached skill level 5 in Armour
  4476 | D:5      | Identified the +8 halberd of Solemn Tenacity {freeze, rF+
                  | Str+3}
  4626 | D:5      | Found a runed translucent door.
  4627 | D:5      | Noticed Crazy Yiuf
  5153 | D:5      | Killed Crazy Yiuf
  5214 | D:6      | Noticed Blork the orc
  5221 | D:6      | Killed Blork the orc
  5508 | D:6      | Noticed Pikel
  5519 | D:6      | Killed Pikel
  5520 | D:6      | Reached XP level 9. HP: 50/56 MP: 9/9
  5834 | D:7      | Noticed Prince Ribbit
  5844 | D:7      | Killed Prince Ribbit
  5909 | D:7      | Noticed Joseph
  5916 | D:7      | Noticed a komodo dragon
  5926 | D:7      | Killed Joseph
  5927 | D:7      | Reached skill level 5 in Dodging
  6162 | D:7      | Killed a komodo dragon
  6277 | D:7      | Found a flagged portal.
  6287 | Bailey   | Entered a bailey
  6302 | Bailey   | Noticed an orc warlord
  6347 | Bailey   | Reached **** piety under Trog
  6650 | Bailey   | Found a runed translucent gate.
  6650 | Bailey   | Found a runed translucent gate.
  6664 | Bailey   | Found a runed translucent gate.
  7041 | Bailey   | Slain by an orc warlord

Illustrated notes

Levels and vault maps discovered:
D:1:      eino_arrival_water_cross, layout_rooms, nicolae_grassy_gnolls
D:2:      layout_loops_ring, dreamdust_ecumenical_altar_statues,
          serial_aquarium, aquarium_bridge_square [aquarium_subvault_window,
          aquarium_subvault_window, aquarium_subvault_bridge,
          aquarium_subvault_bridge], aquarium_window_fake, aquarium_window_1,
          aquarium_window_1, aquarium_window_corner, aquarium_view_2d,
          aquarium_view_2d, aquarium_balcony_3a, aquarium_pool_split,
          minmay_misc_feat_more_columns, kennysheep_nondescript,
          kennysheep_generic_room_16, uniq_terence, uniq_sigmund
D:3:      cheibrodos_thug_alley, layout_loops_ring,
          beargit_hepliaklqana_dungeon_heroes, st_stairs_4, uniq_jessica
D:4:      layout_basic, overflow_temple_1_default, general_overflow_altar,
          minmay_temple_entry_glass
D:5:      layout_loops_ring, uniq_crazy_yiuf_cottage
D:6:      layout_rooms, minmay_lizard_king, uniq_blork_the_orc, uniq_pikel
D:7:      layout_rooms, chequers_temple_overflow_statue_of_worship,
          enter_bailey_2, serial_shops, nicolae_shop_bloodbath_and_beyond,
          uniq_joseph, uniq_prince_ribbit1
D:8:      layout_loops_ring, lemuel_doored_altar, ebering_ghost_reflecting_pool
Bailey:   bailey_axe_bossmonster_kennysheep, bailey

Skill      XL: |  1  2  3  4  5  6  7  8  9 |
---------------+----------------------------+-----
Dodging        | 2 3 4 5 |  5.4
Armour         | 3 4 6 7 |  7.1
Fighting       | 4 5 6 7 |  7.6
Maces & Flails | 4 5 6 7 |  7.0
Evocations     | 1 2 3 4 |  4.7

Action                   |  1- 3 |  4- 6 |  7- 9 || total
-------------------------+-------+-------+-------++-------
Melee: Mace              |    89 |   149 |       ||   238
       Punch             |     1 |     2 |     5 ||     8
       Flail             |       |    44 |   362 ||   406
Invok: Berserk           |     2 |     2 |    10 ||    14
       Trog's Hand       |       |       |     1 ||     1
Evoke: Wand              |       |       |     4 ||     4
  Use: Scroll            |       |       |     5 ||     5
 Stab: Sleeping          |       |     1 |       ||     1
Armor: Animal skin       |    20 |    18 |       ||    38
       Leather armour    |       |    24 |       ||    24
       Plate armour      |       |    28 |   263 ||   291
       Chain mail        |       |    23 |       ||    23
       Skin              |       |       |     2 ||     2
Dodge: Dodged            |    67 |    88 |   131 ||   286
